 Dungeon Crawl Stone Soup version 0.30-b1-2-g02819fbbbe (webtiles) character file.

Game seed: 15563128411386014826

4485 LLlMATKO the Cleaver (level 10, -1/92 HPs)
             Began as a Minotaur Berserker on Oct 13, 2023.
             Was a High Priest of Trog.
             Succumbed to a gnoll sergeant's poison
             ... on level 9 of the Dungeon.
             The game lasted 00:07:50 (8808 turns).

LLlMATKO the Cleaver (Minotaur Berserker)           Turns: 8808, Time: 00:07:51

Health: -1/92      AC: 17    Str: 32    XL:     10   Next: 16%
Magic:  9/9        EV: 10    Int:  4    God:    Trog [*****.]
Gold:   274        SH:  0    Dex:  8    Spells: 9/9 levels left

rFire   . . .        y - +0 battleaxe
rCold   . . .        (shield currently unavailable)
rNeg    . . .        m - +0 plate armour
rPois   .            (helmet unavailable)
rElec   .            C - +0 cloak
rCorr   .            (no gloves)
SInv    .            I - +0 pair of boots
Will    .....        (no amulet) Stlth
                     L - ring of flight
HPRegen 0.35/turn    o - +6 ring of strength
MPRegen 0.11/turn

%: no passive effects
@: lethally poisoned (-1 -> -12), on berserk cooldown, flying, slowed, very slow
A: horns 3, retaliatory headbutt, clumsy 1, subdued magic 1, MP-powered wands
a: Renounce Religion, Berserk, Trog's Hand, Brothers in Arms


You were on level 9 of the Dungeon.
You worshipped Trog.
Trog was extremely pleased with you.
You visited 1 branch of the dungeon, and saw 9 of its levels.
You also visited: Sewer and Ossuary.

You collected 501 gold pieces.
You spent 227 gold pieces at shops.

Inventory:

Hand Weapons
 a - a +0 hand axe
 x - a +1 whip of electrocution
 y - a +0 battleaxe (weapon)
 F - a +1 whip of freezing
 G - a +0 war axe
 H - a +0 war axe
 J - a +4 hand axe
Missiles
 q - 16 poisoned darts (quivered)
Armour
 m - a +0 plate armour (worn)
 C - a +0 cloak (worn)
 I - a +0 pair of boots (worn)
Jewellery
 n - a ring of resist corrosion
 o - a +6 ring of strength (right hand)
 A - a ring of see invisible
 L - a ring of flight (left hand)
 M - a +6 ring of dexterity
Wands
 E - a wand of flame (5)
Scrolls
 c - 8 scrolls of identify
 d - 5 scrolls of immolation
 j - 2 scrolls of enchant armour {unknown}
 l - 3 scrolls of enchant weapon {unknown}
 p - 7 scrolls of teleportation {unknown}
 t - a scroll of fear {unknown}
 u - 4 scrolls of fog {unknown}
 v - a scroll of poison {unknown}
 B - a scroll of amnesia {unknown}
 D - a scroll of acquirement {unknown}
Potions
 b - 2 potions of mutation
 e - 2 potions of might {unknown}
 f - 2 potions of attraction {unknown}
 g - a potion of ambrosia {unknown}
 h - 2 potions of haste {unknown}
 i - 7 potions of heal wounds {unknown}
 k - 2 potions of lignification {unknown}
 r - 3 potions of magic {unknown}
 s - 4 potions of brilliance {unknown}
 w - 2 potions of berserk rage {unknown}
 z - a potion of invisibility {unknown}
 K - a potion of cancellation {unknown}


   Skills:
 + Level 9.6 Fighting
 + Level 9.7 Axes
 + Level 9.2 Armour
 + Level 8.4 Dodging


You had 9 spell levels left.
You didn't know any spells.
Your spell library was empty.

Dungeon Overview and Level Annotations

Branches:
Dungeon (9/15)             Temple (0/1) D:7           Sewer (visited)
Ossuary (visited)
   Lair: D:8-11         Orc: D:9-12

Altars:
Cheibriados
Gozag
Hepliaklqana
Kikubaaqudgha
Okawaru
Ru
Uskayaw
Vehumet
Xom
Yredelemnul
Zin
The Shining One

Shops:
D:2 ?   D:8 *   D:9 =(=


Innate Abilities, Weirdness & Mutations

You have a pair of large horns on your head.
You reflexively headbutt those who attack you in melee.
You are clumsy. (Dex -2)
Your spells are a little easier to cast, but a little less powerful.
You expend magic power (3 MP) to strengthen your wands.


Message History

The gnoll sergeant hits you but does no damage.
Unknown command.
The gnoll sergeant blocks your attack.
You feel very sick.
The gnoll sergeant hits you with a +5 spear of venom.
* * * LOW HITPOINT WARNING * * *
You are lethally poisoned!
Unknown command.
You slice the gnoll sergeant!!
The gnoll sergeant is almost dead.
* * * LOW HITPOINT WARNING * * *
You feel very sick.
The gnoll sergeant hits you with a +5 spear of venom.
* * * LOW HITPOINT WARNING * * *
Unknown command.
You barely miss the gnoll sergeant.
The gnoll sergeant is almost dead.
* * * LOW HITPOINT WARNING * * *
You feel very sick. The gnoll sergeant closely misses you.
You furiously retaliate!
You headbutt the gnoll sergeant!
You kill the gnoll sergeant!
Trog accepts your kill.
* * * LOW HITPOINT WARNING * * *
You feel very sick.
There is a stone staircase leading down, spattered with blood here.
Items here: $ ) [[.
Unknown command.
You feel a strong urge to attack something.
You are no longer berserk.
You are exhausted.
You feel yourself slow down.
* * * LOW HITPOINT WARNING * * *
You feel sick.
You see here a +0 flail.
It was a potion of mutation.
You feel extremely strange.
Your connection to magic feels subdued.
You feel clumsy.
You feel your magical essence link to the dungeon's wands.
The horns on your head grow some more.
You die...

...###.# ###...) ...##.#
#...... ##..##.# #......
# ''...#.# #...... #.
###...#$# ##...... #..
#+##..#.#.###..##..#
#...#'#.^..........##<##
#......))...∩.........#
..###>@#######..###..##
#...)# ####..## #)...
.....##...#....## ##.##.
#.... ..#.#....# ##))###
##.# ..........##))## #.
.#....####.)).## ## #
###...# ##..## #. ##.#
#...## #. #.#..# #.


There were no monsters in sight!

Vanquished Creatures
  Pikel (D:7)
  Sigmund (D:5)
  Grum (D:8)
  4 water moccasins
  3 black bears
  3 orc warriors
  3 ogres
  2 centaurs
  3 wolves (D:8)
  A lemure (D:7)
  A phantom (D:6)
  2 gnoll sergeants (D:9)
  3 scorpions
  4 water moccasin zombies (Ossuary)
  4 wights (D:8)
  2 howler monkeys
  9 orc priests
  3 jellies
  Crazy Yiuf (D:7)
  3 sleepcaps
  A gnoll bouda (D:6)
  Jessica (D:2)
  2 iguanas
  9 orc wizards
  A hell rat (Sewer)
  2 mummies (Ossuary)
  Robin (D:2)
  5 adders
  13 gnolls
  8 river rats
  3 shadow imps (D:5)
  5 adder zombies (Ossuary)
  3 dart slugs
  29 orcs
  7 ball pythons
  13 endoplasms
  11 giant cockroaches
  11 goblins
  6 hobgoblins
  A jackal (D:1)
  7 quokkas
  3 bats (D:3)
  A frilled lizard (D:3)
  5 hobgoblin zombies (Ossuary)
  8 kobolds
  9 kobold zombies (Ossuary)
  6 orc zombies (Ossuary)
  11 rats
236 creatures vanquished.

Notes
Turn   | Place    | Note
-------+----------+-------------------------------------------
     0 | D:1      | LLlMATKO the Minotaur Berserker began the quest for the
                  | Orb.
     0 | D:1      | Reached XP level 1. HP: 19/19 MP: 0/0
   103 | D:1      | Reached XP level 2. HP: 27/27 MP: 1/1
   167 | D:1      | Found a glowing silver altar of Zin.
   314 | D:1      | Reached XP level 3. HP: 33/33 MP: 2/2
   320 | D:1      | Reached ** piety under Trog
   573 | D:2      | Found Quhuecaf's Magic Scroll Boutique.
   718 | D:2      | Found a basalt altar of Yredelemnul.
   935 | D:2      | Reached XP level 4. HP: 35/40 MP: 3/3
   974 | D:2      | Noticed Jessica
   978 | D:2      | Killed Jessica
  1136 | D:2      | Noticed Robin
  1146 | D:2      | Killed Robin
  1948 | D:3      | Reached XP level 5. HP: 47/47 MP: 4/4
  2413 | D:4      | Noticed an ogre
  2413 | D:4      | Noticed an ogre
  2421 | D:4      | Killed an ogre
  2421 | D:4      | Killed an ogre
  2422 | D:4      | Reached skill level 5 in Fighting
  2422 | D:4      | Reached skill level 5 in Axes
  2422 | D:4      | Reached XP level 6. HP: 42/56 MP: 5/5
  2537 | D:4      | Reached *** piety under Trog
  2547 | D:4      | Found a glowing drain.
  2565 | Sewer    | Entered a sewer
  2829 | D:4      | Found a sand-covered staircase.
  2837 | Ossuary  | Entered an ossuary
  2868 | Ossuary  | Reached skill level 5 in Armour
  2868 | Ossuary  | Reached XP level 7. HP: 58/62 MP: 6/6
  2978 | Ossuary  | Reached **** piety under Trog
  3011 | Ossuary  | Reached skill level 5 in Dodging
  4169 | D:5      | Entered Level 5 of the Dungeon
  4208 | D:5      | Found a glowing silver altar of Zin.
  4386 | D:5      | Reached XP level 8. HP: 54/71 MP: 7/7
  4493 | D:5      | Found a radiant altar of Vehumet.
  4538 | D:5      | Found a snail-covered altar of Cheibriados.
  4542 | D:5      | Found a hazy altar of Hepliaklqana.
  4548 | D:5      | Found a basalt altar of Yredelemnul.
  4549 | D:5      | Found an opulent altar of Gozag.
  4551 | D:5      | Found an ancient bone altar of Kikubaaqudgha.
  4552 | D:5      | Found a glowing golden altar of the Shining One.
  4627 | D:5      | Noticed Sigmund
  4631 | D:5      | Killed Sigmund
  5089 | D:6      | Found a hide-covered altar of Uskayaw.
  5140 | D:6      | Found an iron altar of Okawaru.
  5354 | D:6      | Found a sacrificial altar of Ru.
  5398 | D:6      | Reached XP level 9. HP: 51/81 MP: 8/8
  6197 | D:7      | Noticed Pikel
  6203 | D:7      | Killed Pikel
  6340 | D:7      | Found a staircase to the Ecumenical Temple.
  6581 | D:7      | Found a runed translucent door.
  6582 | D:7      | Noticed Crazy Yiuf
  6687 | D:7      | Killed Crazy Yiuf
  6845 | D:7      | Found a staircase to the Ecumenical Temple.
  7571 | D:8      | Noticed Grum
  7638 | D:8      | Killed Grum
  7793 | D:8      | Found a shimmering altar of Xom.
  7809 | D:8      | Found Xecuy's CLEARANCE SALE!.
  7965 | D:8      | Reached XP level 10. HP: 91/91 MP: 9/9
  8084 | D:8      | Reached ***** piety under Trog
  8222 | D:8      | Identified the +5 ring mail "Guteupu" {-Tele Harm Regen+
                  | rCorr}
  8527 | D:9      | Received a gift from Trog
  8679 | D:9      | Found Tealugg's Antique Weapon Shoppe.
  8700 | D:9      | Found Kin Cad's Jewellery Emporium.
  8709 | D:9      | Bought a ring of flight for 227 gold pieces
  8778 | D:9      | Found Nekid's Jewellery Shop.
  8807 | D:9      | HP: 3/92 [poisoned by a gnoll sergeant]
  8808 | D:9      | Gained mutation: Your spells are a little easier to cast,
                  | but a little less powerful. [potion of mutation]
  8808 | D:9      | Gained mutation: You are clumsy. (Dex -2) [potion of
                  | mutation]
  8808 | D:9      | Gained mutation: You expend magic power (3 MP) to
                  | strengthen your wands. [potion of mutation]
  8808 | D:9      | Gained mutation: You have a pair of large horns on your
                  | head. [potion of mutation]
  8808 | D:9      | Succumbed to a gnoll sergeant's poison

Illustrated notes

Levels and vault maps discovered:
D:1:      dpeg_arrival_shelter, layout_rooms, minmay_hexomino_r4
D:2:      layout_basic, basic_altar, serial_shops, nicolae_shop_peninsula,
          hex_medium, nrook_mini_backslash, minmay_tree_intersection,
          grunt_ministairs_15, minmay_misc_feat_tiny, uniq_robin, uniq_jessica
D:3:      layout_loops_ring, minmay_misc_feat_pillars, kennysheep_doodads
D:4:      layout_layer_cave, lightli_ossuary_entry_decrepit_ruins,
          portal_sewer_entry_e, minivault_25
D:5:      layout_gridville, minitemple, mainiacjoe_overflow_surrounded_room,
          nicolae_vehumet_altar_sigil, uniq_sigmund
D:6:      layout_loops_cross, hangedman_ru_absence, mainiacjoe_overflow_paths,
          nicolae_uskayaw_suspiria
D:7:      layout_rooms, temple_green, minmay_holes, serial_bayou_pond_a,
          uniq_crazy_yiuf_cottage, uniq_pikel
D:8:      layout_gridville, mainiacjoe_overflow_alcove_4,
          nicolae_shop_clearance, uniq_grum
D:9:      layout_rooms, pdpol_wu_jian_five_deadly_venoms, serial_shops,
          nicolae_shop_gaudy_bauble, shop, shop, nicolae_shop_real_fake_doors,
          shop

Skill      XL: |  1  2  3  4  5  6  7  8  9 |
---------------+----------------------------+-----
Axes           | 4 5 6 7 9 |  9.7
Fighting       | 4 5 6 7 9 |  9.6
Armour         | 3 4 5 7 9 |  9.2
Dodging        | 3 4 5 6 8 |  8.4

Action                     |  1- 3 |  4- 6 |  7- 9 | 10-12 || total
---------------------------+-------+-------+-------+-------++-------
  Melee: Hand axe          |    67 |   159 |    96 |       ||   322
         Headbutt          |    12 |    18 |    39 |     6 ||    75
         Punch             |       |     2 |     1 |       ||     3
         Battleaxe         |       |       |   143 |    60 ||   203
 Invoke: Berserk           |       |     4 |     5 |     2 ||    11
         Trog's Hand       |       |     1 |       |       ||     1
    Use: Scroll            |       |     4 |       |       ||     4
         Potion            |       |       |       |     1 ||     1
   Stab: Sleeping          |     1 |       |       |       ||     1
 Armour: Animal skin       |     7 |       |       |       ||     7
         Ring mail         |     5 |     1 |       |       ||     6
         Plate armour      |       |    75 |   173 |    38 ||   286
  Dodge: Dodged            |    31 |    57 |   137 |    38 ||   263
